 Dungeon Crawl Stone Soup version 0.28.0-53-g5a82cb258f (webtiles) character file.

Game seed: 9645456150446149707

152 Duralumin the Digger (level 5, 28/28 HPs)
             Began as a Vampire Earth Elementalist on July 4, 2022.
             Quit the game on level 3 of the Dungeon on July 7, 2022.
             The game lasted 00:09:47 (1910 turns).

Duralumin the Digger (Vampire Earth Elementalist)   Turns: 1910, Time: 00:09:47

Health: 28/28      AC:  3    Str:  7    XL:     5   Next: 11%
Magic:  8/10       EV: 12    Int: 20    God:
Gold:   96         SH:  0    Dex: 14    Spells: 1/11 levels left

rFire   . . .      SeeInvis +   k - +0 dagger
rCold   + + .      Faith    .   (no shield)
rNeg    + + +      Spirit   .   b - +0 robe
rPois   ∞          Reflect  .   (no helmet)
rElec   .          Harm     .   (no cloak)
rCorr   .          Rampage  .   j - +0 pair of gloves
Will    .....                   (no boots)
Stlth   ++++......              (no amulet)
HPRegen 0.09/turn               (no ring)
MPRegen 0.12/turn               (no ring)

@: bloodless
A: bloodless, fangs 3, see invisible, vampiric 2
a: Bat Form, Revivify


You were on level 3 of the Dungeon.
You visited 1 branch of the dungeon, and saw 3 of its levels.

You collected 96 gold pieces.

Inventory:

Hand Weapons
 k - a +0 dagger (weapon)
Missiles
 c - 69 stones
 o - 3 poisoned darts
Armour
 b - a +0 robe (worn)
 j - a +0 pair of gloves (worn)
Scrolls
 e - a scroll of silence {unknown}
 f - 6 scrolls of identify {unknown}
 h - 2 scrolls of teleportation {unknown}
 l - a scroll of fog {unknown}
 p - a scroll of enchant armour {unknown}
Potions
 a - a potion of mutation {unknown}
 d - a potion of heal wounds {unknown}
 g - a potion of attraction {unknown}
 i - a potion of magic {unknown}
 m - a potion of haste {unknown}
 n - 2 potions of invisibility {unknown}


   Skills:
 - Level 2.1 Dodging
 - Level 3.0 Stealth
 + Level 3.6 Spellcasting
 + Level 0.0 Conjurations
 - Level 1.1 Transmutations
 + Level 4.8 Earth Magic


You had one spell level left.
You knew the following spells:

 Your Spells              Type           Power      Damage    Failure   Level
a - Sandblast             Erth           44%        2d11      1%          1
b - Passwall              Tmut/Erth      12%        N/A       6%          2
c - Stone Arrow           Conj/Erth      26%        3d8       16%         3
d - Petrify               Tmut/Erth      15%        N/A       36%         4

Your spell library contained the following spells:

 Spells                   Type           Power      Damage    Failure   Level
 Animate Skeleton         Necr           6%         N/A       14%         1
 Pain                     Necr           12%        1d4       14%         1
 Vampiric Draining        Necr           3%         2d6       38%         3


Dungeon Overview and Level Annotations

Branches:
Dungeon (3/15)

Altars:
Dithmenos


Innate Abilities, Weirdness & Mutations

You do not regenerate when monsters are visible.
You are frail without blood (-20% HP).
You can heal yourself when you bite living creatures.
You are immune to poison.
You have razor-sharp teeth.
You have supernaturally acute eyesight. (SInv)
You are afflicted with vampirism and can become a bat while bloodless.


Message History

Press: ? - help, Shift-Dir - straight line, f/p - quokka
Aim: a quokka (73% to hit)
The blast of sand hits the quokka!
You kill the quokka!
You see here a quokka corpse.
You now have 96 gold pieces (gained 6).
A rat comes into view.
Casting: Sandblast (safe; 1% risk of failure)
Confirm with . or Enter, or press ? or * to list all spells.
You can't see any susceptible monsters within range! (Use Z to cast anyway.) Unknown command.
Casting: Sandblast (safe; 1% risk of failure)
Confirm with . or Enter, or press ? or * to list all spells.
Aiming: Sandblast (safe; 1% risk of failure)
Press: ? - help, Shift-Dir - straight line, f - rat
Aim: a rat (81% to hit)
The blast of sand hits the rat!
You kill the rat!
Casting: Sandblast (safe; 1% risk of failure)
Confirm with . or Enter, or press ? or * to list all spells.
You can't see any susceptible monsters within range! (Use Z to cast anyway.)
You begin bloodletting.
You continue bloodletting. x5
You become bloodless.
Okay, then.
Unknown command.
Unknown command.
Unknown command.
Unknown command.
Save game and exit?
Welcome back, Duralumin the Vampire Earth Elementalist.
Press ? for a list of commands and other information.
Unknown command.
Unknown command.
Unknown command.
Save game and exit?
Okay, then.
Unknown command.
Unknown command.
Unknown command.
Are you sure you want to abandon this character and quit the game? (Confirm with "yes".)

#....##..†......#
#...# ##..._(..##
#.(..##.........##..
#...................
#......##.....##...
#.....###..#..#
###.##..###..#
#.....## ....
#..###@.# ..###
.......†.....#
######.........
##########


There were no monsters in sight!

Vanquished Creatures
  An orc priest (D:3)
  An orc wizard (D:3)
  4 adders
  A worm (D:3)
  2 dart slugs (D:1)
  5 orcs (D:3)
  3 ball pythons
  6 endoplasms
  A giant cockroach (D:2)
  2 goblins
  A hobgoblin (D:1)
  8 kobolds
  3 quokkas
  6 bats
  3 frilled lizards
  5 rats
52 creatures vanquished.

Notes
Turn   | Place    | Note
-------+----------+-------------------------------------------
     0 | D:1      | Duralumin the Vampire Earth Elementalist began the quest
                  | for the Orb.
     0 | D:1      | Reached XP level 1. HP: 13/13 MP: 3/3
   242 | D:1      | Reached XP level 2. HP: 19/19 MP: 3/5
   434 | D:1      | Found a faded altar of an unknown god.
   605 | D:2      | Gained mutation: You are afflicted with vampirism and can
                  | become a bat while bloodless. [Vampire growth]
   605 | D:2      | Reached XP level 3. HP: 15/24 MP: 2/6
   656 | D:2      | Learned a level 2 spell: Passwall
   780 | D:2      | Reached skill level 4 in Earth Magic
  1351 | D:3      | Reached XP level 4. HP: 24/30 MP: 2/8
  1808 | D:3      | Reached XP level 5. HP: 35/35 MP: 6/10
  1816 | D:3      | Learned a level 3 spell: Stone Arrow
  1821 | D:3      | Learned a level 4 spell: Petrify
  1879 | D:3      | Found a shadowy altar of Dithmenos.
  1910 | D:3      | Quit the game

Illustrated notes

Levels and vault maps discovered:
D:1:      scummos_arrival_star, layout_basic,
          hellmonk_ecumenical_altar_leap_of_faith
D:2:      layout_rooms, st_stairs_13
D:3:      layout_basic, nicolae_dithmenos_shadow_blocks,
          chequers_serial_rivers_micro_c, minmay_hedge_maze,
          uniq_crazy_yiuf_cottage

Skill      XL: |  1  2  3 |
---------------+----------+-----
Earth Magic    | 4 |  4.8
Spellcasting   | 3 |  3.6
Dodging        | |  2.1
Stealth        | |  3.0
Transmutations | |  1.1

Action                   |  1- 3 |  4- 6 || total
-------------------------+-------+-------++-------
Melee: Dagger            |       |     4 ||     4
 Cast: Sandblast         |    56 |    22 ||    78
       Passwall          |     1 |       ||     1
 Abil: Exsanguinate      |       |     1 ||     1
Armor: Robe              |     2 |     3 ||     5
Dodge: Dodged            |     6 |     9 ||    15
